 Seeded DCSS version 0.30.1-4-g462c640d31 (webtiles) character file.

Game seed: 6351066067085065685 (custom seed)

1984 Esekla the Thaumaturge (level 9, 0/45 HPs)
             Began as a Deep Elf Necromancer on Aug 19, 2023.
             Was a Believer of Vehumet.
             Slain by a gnoll
             ... wielding a +0 club
             ... led by a gnoll sergeant
              (6 damage)
             ... on level 7 of the Dungeon.
             The game lasted 00:31:23 (5352 turns).

Esekla the Thaumaturge (Deep Elf Necromancer)       Turns: 5352, Time: 00:31:23

Health: 0/45       AC:  5    Str:  5    XL:     9   Next: 1%
Magic:  14/23      EV:  8    Int: 25    God:    Vehumet [**....]
Gold:   361        SH:  0    Dex: 15    Spells: 11/24 levels left

rFire   . . .        a - +2 dagger (vamp)
rCold   . . .        (no shield)
rNeg    . . .        t - +0 robe
rPois   .            i - +0 helmet
rElec   .            G - +0 cloak
rCorr   .            k - +0 pair of gloves
SInv    .            (no boots)
Will    .....        z - amulet of magic regeneration
Stlth   +++          (no ring)
HPRegen 0.27/turn    (no ring)
MPRegen 0.58/turn

%: no passive effects
@: held
A: no striking features
a: Renounce Religion


You were on level 7 of the Dungeon.
You worshipped Vehumet.
Vehumet was pleased with you.
You visited 1 branch of the dungeon, and saw 7 of its levels.

You collected 361 gold pieces.

Inventory:

Hand Weapons
 a - a +2 vampiric dagger (weapon)
 c - a +0 scimitar
 r - a +0 trident
 s - the +5 rapier of the Hero {heavy, rN+ Dex+3}
   (You found it on level 3 of the Dungeon)

   Dex:       It affects your dexterity (+3).
   rN:        It protects you from negative energy.
Missiles
 p - 21 poisoned darts (quivered)
Armour
 i - a +0 helmet (worn)
 k - a +0 pair of gloves (worn)
 t - a +0 robe (worn)
 G - a +0 cloak (worn)
Jewellery
 z - an amulet of magic regeneration (around neck)
Wands
 o - a wand of roots (22)
 C - a wand of flame (15)
Scrolls
 m - a scroll of enchant armour
 q - 2 scrolls of fog {unknown}
 u - 2 scrolls of amnesia {unknown}
 v - a scroll of silence {unknown}
 w - a scroll of summoning {unknown}
 x - 3 scrolls of enchant weapon {unknown}
 y - a scroll of magic mapping
 B - 2 scrolls of fear
 E - a scroll of teleportation
 F - 2 scrolls of blinking {unknown}
Potions
 b - a potion of magic
 d - 3 potions of ambrosia {unknown}
 e - 2 potions of heal wounds
 g - a potion of haste
 h - a potion of mutation
 j - 2 potions of curing
 l - 3 potions of attraction {unknown}
 A - a potion of lignification
 D - 3 potions of brilliance {unknown}


   Skills:
 + Level 3.3 Short Blades
 + Level 1.4 Throwing
 * Level 6.1 Dodging
 + Level 5.8 Stealth
 * Level 8.3 Spellcasting
 + Level 7.1 Necromancy
 * Level 4.2 Translocations
 * Level 3.3 Fire Magic


You had 11 spell levels left.
You knew the following spells:

 Your Spells              Type           Power      Damage    Failure   Level
a - Necrotise             Necr           100%       1d9       1%          1
b - Kiss of Death         Conj/Necr      100%       2d13      1%          1
d - Vampiric Draining     Necr           46%        2d9       1%          3
n - Ignite Poison         Fire/Tmut/Pois 15%        N/A       11%         3
o - Scorch                Fire           54%        2d7       2%          2
t - Teleport Other        Tloc           31%        N/A       3%          3

Your spell library contained the following spells:

 Spells                   Type           Power      Damage    Failure   Level
 Lesser Beckoning         Tloc           62%        N/A       1%          2
 Gell's Gravitas          Tloc           31%        N/A       3%          3
 Animate Dead             Necr           46%        N/A       3%          4
 Agony                    Necr           46%        N/A       9%          5
 Spider Form              Tmut/Pois      10%        N/A       19%         3
 Cause Fear               Hex            5%         N/A       52%         4
 Summon Mana Viper        Hex/Summ       10%        N/A       86%         5


Dungeon Overview and Level Annotations

Branches:
Dungeon (7/15)             Temple (0/1) D:6

Altars:
Dithmenos
Fedhas
Hepliaklqana
Okawaru
Qazlal
Trog
Vehumet
Zin
The Shining One

Shops:
D:2 =   D:4 (


Message History

You become entangled in the net!
Casting: Vampiric Draining (safe; 1% risk of failure)
Confirm with . or Enter, or press ? or * to list all spells.
Aiming: Vampiric Draining (safe; 1% risk of failure)
Press: ? - help, Shift-Dir - straight line, f/p - gnoll sergeant
Aim: a gnoll sergeant, wielding a +4 trident of venom, wearing a +0 ring mail and wearing a +0 buckler (severely wounded, more vulnerable to fire)
You draw life force from the gnoll sergeant.
You feel life coursing into your body.
You feel very sick.
The gnoll sergeant hits you with a +4 trident of venom!
* * * LOW HITPOINT WARNING * * *
It was a potion of curing.
You feel better. The gnoll barely misses you.
The gnoll sergeant hits you with a +4 trident of venom!
* * * LOW HITPOINT WARNING * * *
You are lethally poisoned!
You feel better.
The gnoll sergeant hits you with a +4 trident of venom.
You are lethally poisoned!
The gnoll hits you with a +0 club.
* * * LOW HITPOINT WARNING * * *
You feel better.
The gnoll sergeant hits you with a +4 trident of venom!
* * * LOW HITPOINT WARNING * * *
You are lethally poisoned!
The gnoll hits you with a +0 club.
* * * LOW HITPOINT WARNING * * *
You feel better. The gnoll sergeant closely misses you.
The gnoll hits you with a +0 club.
* * * LOW HITPOINT WARNING * * *
Casting: Vampiric Draining (safe; 1% risk of failure)
Confirm with . or Enter, or press ? or * to list all spells.
Aiming: Vampiric Draining (safe; 1% risk of failure)
Press: ? - help, Shift-Dir - straight line, f/p - gnoll sergeant
Aim: a gnoll sergeant, wielding a +4 trident of venom, wearing a +0 ring mail and wearing a +0 buckler (almost dead, more vulnerable to fire)
You draw life force from the gnoll sergeant.
You kill the gnoll sergeant!
Vehumet accepts your kill.
You feel your power returning.
You feel life coursing into your body. The gnoll hits you with a +0 club.
You die...

#########################
.........................
#####'##########........#
###.....................#
..'........####.........#
###..g...g..#(..........#
# ########..#.#g).......#
# #......#.@<......# #
#.#..#....)......# ######
#....#.#..(......# .....#
######.#.........# ####.#
..^...#'#####+###
##.........# #.......###
#.......# #.......#


You could see a gnoll.

Vanquished Creatures
  Pikel (D:6)
  An ice beast (D:6)
  A sky beast (D:6)
  2 black bears
  An ogre (D:5)
  A phantom (D:6)
  Blork the orc (D:6)
  A kobold brigand (D:6)
  A gnoll sergeant (D:7)
  2 scorpions (D:5)
  A gnoll bouda (D:4)
  5 hounds
  A jelly (D:6)
  Crazy Yiuf (D:7)
  A sleepcap (D:5)
  5 iguanas
  14 gnolls
  9 adders
  3 white imps
  An ufetubus (D:6)
  A worm (D:4)
  3 dart slugs
  11 orcs
  6 ball pythons
  4 endoplasms
  8 goblins
  5 hobgoblins
  A quokka (D:1)
  4 bats
  4 frilled lizards
  12 kobolds
  A rat (D:2)
113 creatures vanquished.

Notes
Turn   | Place    | Note
-------+----------+-------------------------------------------
     0 | D:1      | Esekla the Deep Elf Necromancer began the quest for the
                  | Orb.
     0 | D:1      | Reached XP level 1. HP: 10/10 MP: 6/6
   411 | D:2      | Found Renulab's Jewellery Shop.
   625 | D:4      | Found a glowing silver altar of Zin.
   637 | D:4      | Found an iron altar of Okawaru.
   649 | D:4      | Found a radiant altar of Vehumet.
   653 | D:4      | Became a worshipper of Vehumet
   747 | D:3      | Reached skill level 5 in Necromancy
   803 | D:3      | Reached XP level 2. HP: 12/15 MP: 8/8
   900 | D:3      | Found a stormy altar of Qazlal.
  1022 | D:2      | Noticed a black bear
  1294 | D:1      | Reached XP level 3. HP: 19/19 MP: 9/9
  1300 | D:1      | Learned a level 3 spell: Vampiric Draining
  1336 | D:2      | Reached skill level 1 in Short Blades
  1517 | D:2      | Reached XP level 4. HP: 24/24 MP: 4/11
  1614 | D:2      | Found a faded altar of an unknown god.
  1869 | D:1      | Reached * piety under Vehumet
  1869 | D:1      | Offered knowledge of Kiss of Death by Vehumet.
  1872 | D:1      | Learned a level 1 spell: Kiss of Death
  1916 | D:1      | Learned a level 3 spell: Teleport Other
  2012 | D:2      | Killed a black bear
  2013 | D:2      | Reached skill level 4 in Spellcasting
  2013 | D:2      | Reached skill level 1 in Translocations
  2013 | D:2      | Reached XP level 5. HP: 27/28 MP: 8/13
  2072 | D:3      | Identified the +5 rapier of the Hero {heavy, rN+ Dex+3}
  2430 | D:3      | Found a hazy altar of Hepliaklqana.
  2430 | D:3      | Found a bloodstained altar of Trog.
  2670 | D:4      | Found a glowing golden altar of the Shining One.
  2689 | D:4      | Reached XP level 6. HP: 22/32 MP: 11/14
  2850 | D:4      | Offered knowledge of Scorch by Vehumet.
  2854 | D:4      | Learned a level 2 spell: Scorch
  2940 | D:4      | HP: 1/32 [gnoll/+0 halberd (12)]
  3106 | D:4      | Found Ponaysk's Antique Weapon Boutique.
  3137 | D:4      | Reached ** piety under Vehumet
  3321 | D:5      | Entered Level 5 of the Dungeon
  3329 | D:5      | Got the Parchment of the Lumpy Olives
  3346 | D:5      | Found a shadowy altar of Dithmenos.
  3491 | D:5      | Reached skill level 5 in Spellcasting
  3491 | D:5      | Reached XP level 7. HP: 33/36 MP: 16/16
  3537 | D:5      | Reached skill level 5 in Dodging
  3537 | D:5      | Reached skill level 1 in Fire Magic
  3900 | D:5      | Reached skill level 6 in Spellcasting
  4117 | D:6      | Reached skill level 1 in Throwing
  4187 | D:6      | Found a staircase to the Ecumenical Temple.
  4190 | D:6      | Noticed Pikel
  4199 | D:6      | Killed Pikel
  4200 | D:6      | Reached skill level 5 in Stealth
  4200 | D:6      | Reached skill level 7 in Spellcasting
  4200 | D:6      | Reached XP level 8. HP: 35/41 MP: 6/20
  4548 | D:6      | Found a blossoming altar of Fedhas.
  4692 | D:6      | Reached skill level 8 in Spellcasting
  4755 | D:6      | Noticed Blork the orc
  4819 | D:6      | Killed Blork the orc
  4819 | D:6      | Offered knowledge of Ignite Poison by Vehumet.
  4826 | D:6      | Learned a level 3 spell: Ignite Poison
  4938 | D:7      | Found a runed translucent door.
  4939 | D:7      | Noticed Crazy Yiuf
  4946 | D:7      | Killed Crazy Yiuf
  5180 | D:6      | Reached XP level 9. HP: 22/45 MP: 23/23
  5350 | D:7      | HP: 1/45 [gnoll/+0 club[a gnoll sergeant] (3)]
  5352 | D:7      | Slain by a gnoll

Illustrated notes

Levels and vault maps discovered:
D:1:      sevenhm_arrival_forest_fort_small_3, layout_rooms,
          chequers_serial_rivers_room_b, minmay_misc_feat_five
D:2:      layout_loops_ring, dreamdust_ecumenical_altar_angels_and_demons,
          serial_shops, shop
D:3:      layout_basic, grunt_temple_overflow_open, minmay_misc_feat_iff
D:4:      layout_basic, nicolae_overflow_quartered_altars, serial_shops,
          nicolae_diamond_shop
D:5:      layout_loops_ring, lemuel_doored_altar, minmay_misc_feat_rows,
          dreamdust_wishing_well
D:6:      layout_loops_cross, fedhas_altar_fruit_tree,
          minmay_temple_entry_glass, uniq_pikel, uniq_blork_the_orc
D:7:      layout_basic, uniq_menkaure, uniq_joseph, uniq_crazy_yiuf_cottage

Skill      XL: |  1  2  3  4  5  6  7  8 |
---------------+-------------------------+-----
Necromancy     | 5 6 7 |  7.1
Short Blades   | 1 2 3 |  3.3
Dodging        | 3 4 5 6 |  6.1
Stealth        | 3 4 5 |  5.8
Spellcasting   | 4 5 7 8 |  8.3
Translocations | 1 2 3 4 |  4.2
Fire Magic     | 2 3 |  3.3
Throwing       | 1 |  1.4

Action                     |  1- 3 |  4- 6 |  7- 9 || total
---------------------------+-------+-------+-------++-------
  Melee: Short sword       |    75 |       |       ||    75
         Unarmed           |     9 |       |       ||     9
         Dagger            |    18 |    36 |    75 ||   129
         Punch             |     1 |     3 |       ||     4
         Rapier            |       |    59 |    26 ||    85
  Throw: Dart              |       |     8 |    16 ||    24
   Cast: Vampiric Draining |     4 |    17 |    22 ||    43
         Scorch            |       |       |    12 ||    12
    Use: Scroll            |     1 |       |     8 ||     9
         Potion            |       |       |     4 ||     4
   Stab: Sleeping          |     5 |     6 |    13 ||    24
         Distracted        |       |     1 |       ||     1
 Armour: Robe              |    17 |    22 |    10 ||    49
  Dodge: Dodged            |    64 |    84 |    78 ||   226
